 Dungeon Crawl Stone Soup version 0.31-a0-986-g5e6e4ef867 (webtiles) character file.

Game seed: 9984348315724049185

1864 promet the Covert (level 9, -2/73 HPs)
             Began as a Gnoll Delver on Nov 20, 2023.
             Slain by a steam dragon (5 damage)
             ... on level 7 of the Dungeon.
             The game lasted 00:24:22 (7103 turns).

promet the Covert (Gnoll Delver)                    Turns: 7103, Time: 00:24:25

Health: -2/73      AC:  6    Str: 11    XL:     9   Next: 13%
Magic:  24/24      EV: 14    Int: 15    God:
Gold:   642        SH:  0    Dex: 15    Spells: 12/16 levels left

rFire   . . .        a - +4 short sword "Ryrph" {flame, *Rage rCorr Int+2 Stlth+}
rCold   . . .        (no shield)
rNeg    . . .        s - +0 leather armour
rPois   .            (no helmet)
rElec   +            (no cloak)
rCorr   +            (no gloves)
SInv    .            n - +2 pair of boots
Will    +....        F - amulet of the Genius {rElec Regen+ Stlth+}
Stlth   ++++++       l - ring of willpower
HPRegen 1.12/turn    t - ring of magical power
MPRegen 0.19/turn

%: random rage (20%)
@: on berserk cooldown, slowed, very slow
A: fangs 1, strong nose, distributed training
a: no special abilities


You were on level 7 of the Dungeon.
You visited 1 branch of the dungeon, and saw 7 of its levels.

You collected 1297 gold pieces.
You spent 655 gold pieces at shops.

Inventory:

Hand Weapons
 a - the +4 short sword "Ryrph" (weapon) {flame, *Rage rCorr Int+2 Stlth+}
   (You found it on level 2 of the Dungeon)

   Int+2:     It affects your intelligence (+2).
   *Rage:     It berserks you when you make melee attacks (+20% chance).
   rCorr:     It protects you from acid and corrosion.
   Stlth+:    It makes you more stealthy.
 b - a +2 orcbow of draining
 i - a +0 falchion
 j - a +0 dagger of speed
 r - a +3 whip of draining
 u - a +0 dagger of venom
 v - a +0 bardiche
 C - a +2 vampiric dagger
 D - a +0 spear
 H - a +2 hand axe of flaming
Missiles
 m - 9 poisoned darts (quivered)
 q - 54 stones
 y - 7 boomerangs
Armour
 n - a +2 pair of boots (worn)
 s - a +0 leather armour (worn)
Jewellery
 l - a ring of willpower (left hand)
 t - a ring of magical power (right hand)
 F - the amulet of the Genius (around neck) {rElec Regen+ Stlth+}
   (You bought it in a shop on level 6 of the Dungeon)

   [amulet of regeneration]

   rElec:     It insulates you from electricity.
   Regen+:    It increases your rate of health regeneration.
   Stlth+:    It makes you more stealthy.
Wands
 g - a wand of digging (1)
 G - a wand of mindburst (12)
 I - a wand of polymorph (8)
Scrolls
 c - a scroll of fog
 d - a scroll of revelation
 e - a scroll of fear
 z - 6 scrolls of teleportation
 A - a scroll of immolation
 B - 3 scrolls of identify
 J - a scroll of enchant armour {unknown}
Potions
 f - a potion of haste
 h - a potion of enlightenment {unknown}
 k - 3 potions of curing {unknown}
 o - a potion of berserk rage {unknown}
 p - 2 potions of resistance {unknown}
 w - 3 potions of might {unknown}
 x - a potion of brilliance {unknown}
 E - a potion of lignification {unknown}


   Skills:
 + Level 7.7 Fighting
 + Level 4.0 Short Blades
 + Level 6.1 Long Blades
 + Level 4.0 Axes
 + Level 4.0 Maces & Flails
 + Level 4.0 Polearms
 + Level 4.0 Staves
 + Level 4.0 Ranged Weapons
 + Level 4.0 Throwing
 + Level 4.0 Armour
 + Level 6.1 Dodging
 + Level 10.4 Stealth
 + Level 4.0 Shields
 + Level 4.0 Unarmed Combat
 + Level 4.0 Spellcasting
 + Level 3.3 Conjurations
 + Level 3.3 Hexes
 + Level 3.3 Summonings
 + Level 3.3 Necromancy
 + Level 3.3 Translocations
 + Level 3.3 Transmutations
 + Level 3.3 Fire Magic
 + Level 3.3 Ice Magic
 + Level 3.3 Air Magic
 + Level 3.3 Earth Magic
 + Level 3.3 Poison Magic
 + Level 4.4 Invocations
 + Level 4.0 Evocations
 + Level 3.6 Shapeshifting


You had 12 spell levels left.
You knew the following spells:

 Your Spells              Type           Power      Damage    Failure   Level
a - Blink                 Tloc           24%        N/A       9%          2
b - Call Imp              Summ           24%        N/A       9%          2

Your spell library contained the following spells:

 Spells                   Type           Power      Damage    Failure   Level
 Apportation              Tloc           24%        N/A       6%          1
 Magic Dart               Conj           48%        1d5       6%          1
 Ensorcelled Hibernation  Hex/Ice        24%        N/A       9%          2
 Jinxbite                 Hex            24%        N/A       9%          2
 Mephitic Cloud           Conj/Pois/Air  12%        N/A       19%         3
 Stone Arrow              Conj/Erth      24%        3d8       19%         3
 Anguish                  Hex/Necr       6%         N/A       52%         4
 Animate Armour           Summ/Erth      24%        N/A       52%         4
 Manifold Assault         Tloc           12%        N/A       52%         4
 Alistair's Intoxication  Tmut/Pois      8%         N/A       86%         5
 Lehudib's Crystal Spear  Conj/Erth      6%         10d3      100%        8


Dungeon Overview and Level Annotations

Branches:
Dungeon (7/15)             Temple (0/1) D:7

Altars:

Shops:
D:3 [   D:6 *=


Innate Abilities, Weirdness & Mutations

You have very sharp teeth.
Your uncanny sense of smell can sniff out nearby items.
Your experience applies equally to all skills.


Message History

You bite the steam dragon, but do no damage.
The steam dragon is heavily wounded.
The steam dragon completely misses you. The steam dragon claws you.
You hit the steam dragon. You burn the steam dragon.
The steam dragon is severely wounded.
The steam dragon breathes steam at you. The ball of steam hits you!
You closely miss the steam dragon.
The steam dragon is severely wounded.
You are engulfed in a cloud of scalding steam.
The steam dragon bites you! The steam dragon barely misses you.
The steam dragon bites you but does no damage.
The steam dragon closely misses you.
You hit the steam dragon. You burn the steam dragon.
The steam dragon is almost dead.
You are engulfed in a cloud of scalding steam.
The steam dragon breathes steam at you. The ball of steam hits you!
You hit the steam dragon but do no damage.
The steam dragon is almost dead.
The steam dragon bites you. The steam dragon claws you.
You hit the steam dragon but do no damage.
You punch the steam dragon, but do no damage.
You bite the steam dragon, but do no damage.
The steam dragon is almost dead.
The steam dragon breathes steam at you. The ball of steam hits you!
* * * LOW HITPOINT WARNING * * *
You closely miss the steam dragon.
The steam dragon is almost dead.
You are engulfed in a cloud of scalding steam.
* * * LOW HITPOINT WARNING * * *
The steam dragon barely misses you. The steam dragon closely misses you.
You hit the steam dragon but do no damage.
Your bite misses the steam dragon.
The steam dragon is almost dead.
You are engulfed in a cloud of scalding steam.
* * * LOW HITPOINT WARNING * * *
The steam dragon bites you.
You die...

#.........# ##♣
#.........##...∆
#.........#....
...............
#D.(......).. #.........#
#.. #......†..# #..
#####D##..# #..#
#@##§#######
.##...########.§§§§......
..........#..§§#§###....
#..####...#§§§.# ..
#..........§..##
#....##..####.#
######...####.# #..#
..##...#.####..# ##..#
.......#).))##.## #..#


You could see a steam dragon.

Vanquished Creatures
  A troll (D:6)
  3 water moccasins
  A black bear (D:6)
  2 ogres
  2 centaurs (D:6)
  2 phantoms (D:5)
  4 scorpions
  5 hounds
  An orc priest (D:7)
  5 iguanas
  3 orc wizards (D:5)
  8 adders
  A white imp (D:5)
  2 ufetubi (D:7)
  A worm (D:3)
  A dart slug (D:1)
  9 orcs
  6 ball pythons
  3 bats
  5 endoplasms
  A giant cockroach (D:3)
  7 goblins
  5 hobgoblins
  4 frilled lizards
  10 kobolds
  9 rats
101 creatures vanquished.

Notes
Turn   | Place    | Note
-------+----------+-------------------------------------------
     0 | D:5      | Reached skill level 9 in Stealth
     0 | D:5      | promet the Gnoll Delver began the quest for the Orb.
     0 | D:5      | Reached XP level 1. HP: 23/23 MP: 1/1
   211 | D:3      | Reached XP level 2. HP: 28/29 MP: 2/2
   534 | D:2      | Found a faded altar of an unknown god.
  1099 | D:1      | Reached XP level 3. HP: 20/30 MP: 3/3
  1234 | D:1      | Reached skill level 1 in Invocations
  1682 | D:2      | Identified the +4 short sword "Ryrph" {flame, *Rage rCorr
                  | Int+2 Stlth+}
  1890 | D:2      | Reached skill level 1 in Short Blades
  1890 | D:2      | Reached skill level 1 in Axes
  1890 | D:2      | Reached skill level 1 in Maces & Flails
  1890 | D:2      | Reached skill level 1 in Polearms
  1890 | D:2      | Reached skill level 1 in Staves
  1890 | D:2      | Reached skill level 1 in Ranged Weapons
  1890 | D:2      | Reached skill level 1 in Throwing
  1890 | D:2      | Reached skill level 1 in Armour
  1890 | D:2      | Reached skill level 1 in Shields
  1890 | D:2      | Reached skill level 1 in Unarmed Combat
  1890 | D:2      | Reached skill level 1 in Spellcasting
  1890 | D:2      | Reached skill level 1 in Evocations
  1967 | D:2      | Reached XP level 4. HP: 41/41 MP: 5/5
  2403 | D:3      | Reached skill level 1 in Shapeshifting
  2459 | D:3      | Identified a scroll of acquirement
  2459 | D:3      | Acquired 1013 gold pieces
  2636 | D:3      | Found Witabb's Armour Boutique.
  2967 | D:4      | Reached skill level 1 in Conjurations
  2967 | D:4      | Reached skill level 1 in Hexes
  2967 | D:4      | Reached skill level 1 in Summonings
  2967 | D:4      | Reached skill level 1 in Necromancy
  2967 | D:4      | Reached skill level 1 in Translocations
  2967 | D:4      | Reached skill level 1 in Transmutations
  2967 | D:4      | Reached skill level 1 in Fire Magic
  2967 | D:4      | Reached skill level 1 in Ice Magic
  2967 | D:4      | Reached skill level 1 in Air Magic
  2967 | D:4      | Reached skill level 1 in Earth Magic
  2967 | D:4      | Reached skill level 1 in Poison Magic
  2996 | D:4      | Reached XP level 5. HP: 47/47 MP: 5/7
  3494 | D:4      | Noticed an ogre
  3511 | D:4      | Killed an ogre
  3512 | D:4      | Reached XP level 6. HP: 53/53 MP: 8/8
  4476 | D:5      | Reached skill level 5 in Long Blades
  4476 | D:5      | Reached skill level 5 in Dodging
  4881 | D:5      | Reached XP level 7. HP: 59/59 MP: 10/10
  5398 | D:6      | Noticed a troll
  5399 | D:6      | Killed a troll
  5400 | D:6      | Reached skill level 10 in Stealth
  5417 | D:6      | Reached XP level 8. HP: 67/67 MP: 12/12
  5608 | D:6      | Found Xifurir's Jewellery Shop.
  5645 | D:6      | Learned a level 2 spell: Blink
  5648 | D:6      | Learned a level 2 spell: Call Imp
  5654 | D:6      | Bought the amulet of the Genius {rElec Regen+ Stlth+} for
                  | 655 gold pieces
  5972 | D:6      | Found Qeoliz's Overcharged Wands.
  6905 | D:7      | Reached XP level 9. HP: 73/73 MP: 14/14
  6965 | D:7      | Found a staircase to the Ecumenical Temple.
  7103 | D:7      | HP: 2/73 [steam dragon] (8)]
  7103 | D:7      | Slain by a steam dragon

Illustrated notes

Levels and vault maps discovered:
D:1:      dpeg_arrival_castle, layout_loops_ring, minivault_14
D:2:      layout_basic, dreamdust_ecumenical_altar_statues, minmay_tetromino_l2
D:3:      layout_rooms, serial_shops, shop
D:4:      layout_layer_cave
D:5:      layout_basic, nrook_loot_triangle, dk_noncrumbling_3,
          reono_crystal_passage
D:6:      layout_basic, serial_shops, shop, nicolae_shop_overcharged_wands
D:7:      layout_rooms, minmay_temple_entry_glassed_door,
          uniq_crazy_yiuf_cottage

Skill      XL: |  1  2  3  4  5  6  7  8  9 |
---------------+----------------------------+-----
Stealth        | 10 | 10.4
Invocations    | 1 2 3 4 |  4.4
Short Blades   | 1 2 3 4 |  4.0
Axes           | 1 2 3 4 |  4.0
Maces & Flails | 1 2 3 4 |  4.0
Polearms       | 1 2 3 4 |  4.0
Staves         | 1 2 3 4 |  4.0
Ranged Weapons | 1 2 3 4 |  4.0
Throwing       | 1 2 3 4 |  4.0
Armour         | 1 2 3 4 |  4.0
Shields        | 1 2 3 4 |  4.0
Unarmed Combat | 1 2 3 4 |  4.0
Spellcasting   | 1 2 3 4 |  4.0
Evocations     | 1 2 3 4 |  4.0
Shapeshifting  | 1 2 3 |  3.6
Conjurations   | 1 2 3 |  3.3
Hexes          | 1 2 3 |  3.3
Summonings     | 1 2 3 |  3.3
Necromancy     | 1 2 3 |  3.3
Translocations | 1 2 3 |  3.3
Transmutations | 1 2 3 |  3.3
Fire Magic     | 1 2 3 |  3.3
Ice Magic      | 1 2 3 |  3.3
Air Magic      | 1 2 3 |  3.3
Earth Magic    | 1 2 3 |  3.3
Poison Magic   | 1 2 3 |  3.3
Long Blades    | 5 6 |  6.1
Dodging        | 5 6 |  6.1
Fighting       | 7 |  7.7

Action                     |  1- 3 |  4- 6 |  7- 9 || total
---------------------------+-------+-------+-------++-------
  Melee: Falchion          |    41 |       |       ||    41
         Whip              |    15 |       |       ||    15
         Bite              |     6 |     4 |    11 ||    21
         Dagger            |    29 |       |       ||    29
         Short sword       |    12 |    53 |    66 ||   131
         Punch             |       |       |     2 ||     2
   Fire: Sling             |     3 |    10 |    12 ||    25
         Orcbow            |       |       |    29 ||    29
  Throw: Dart              |       |     6 |       ||     6
  Evoke: Wand              |     2 |       |     1 ||     3
    Use: Scroll            |     5 |     4 |     2 ||    11
   Stab: Sleeping          |    13 |    13 |     9 ||    35
 Armour: Leather armour    |    30 |    15 |    39 ||    84
  Dodge: Dodged            |    42 |    22 |    34 ||    98

Table legend: (Time is in decaauts)
 A = Elapsed time spent in this place.
 B = Non-inter-level travel time spent in this place.
 C = Inter-level travel time spent in this place.
 D = Time resting spent in this place.
 E = Time spent auto-exploring this place.
 F = Levels seen in this place.
 G = Mean time per level.
                   A        B        C        D        E       F      G
               +--------+--------+--------+--------+--------+-----+--------+
         Total |   7252 |   7075 |    177 |   2420 |   2693 |   7 | 1036.0 |
       Dungeon |   7252 |   7075 |    177 |   2420 |   2693 |   7 | 1036.0 |
               +--------+--------+--------+--------+--------+-----+--------+

Top non-repeatable levels by time:
     D:4: 1455 daAuts
     D:5: 1178 daAuts
     D:1: 1127 daAuts
     D:6: 1078 daAuts
     D:3: 893 daAuts
     D:2: 833 daAuts
     D:7: 686 daAuts
